 Dungeon Crawl Stone Soup version 0.28-a0-769-g550dbda0cd (webtiles) character file.

Game seed: 13975960516411371462

1396 jasper the Spear-Bearer (level 8, -3/50 (54) HPs)
             Began as a Demonspawn Artificer on Oct 31, 2021.
             Killed from afar by an electric eel (8 damage)
             ... with a bolt of electricity
             ... on level 8 of the Dungeon.
             The game lasted 00:10:28 (8081 turns).

jasper the Spear-Bearer (Demonspawn Artificer)      Turns: 8081, Time: 00:10:28

HP:   -3/50 (54)    AC:  5    Str: 15    XL:     8   Next: 41%
MP:   8/8           EV: 10    Int: 17    God:
Gold: 142           SH:  3    Dex: 13    Spells: 6/7 levels left

rFire   . . .      SeeInvis .   l - +0 trident
rCold   . . .      Faith    .   i - +0 buckler
rNeg    . . .      Spirit   .   o - +0 ring mail
rPois   .          Reflect  .   (no helmet)
rElec   .          Harm     .   (no cloak)
rCorr   +          Rampage  .   (no gloves)
Will    .....                   (no boots)
Stlth   +.........              (no amulet)
HPRegen 0.16/turn               r - ring of resist corrosion
MPRegen 0.11/turn               (no ring)

@: drained
A: claws 1, spiny 1, big brain 2, demonic magic 1
a: no special abilities


You were on level 8 of the Dungeon.
You visited 2 branches of the dungeon, and saw 9 of its levels.

You collected 178 gold pieces.
You spent 36 gold pieces at shops.

Inventory:

Hand Weapons
 a - a +0 club
 c - a +0 short sword
 f - a +0 hunting sling
 l - a +0 trident (weapon)
 n - a +2 dagger of draining
Missiles
 k - 173 stones
 m - 51 poisoned darts (quivered)
 q - 6 datura-tipped darts
 u - 6 silver javelins
Armour
 b - a +0 leather armour
 i - a +0 buckler (worn)
 o - a +0 ring mail (worn)
Jewellery
 r - a ring of resist corrosion (left claw)
 t - an amulet of faith
Wands
 d - a wand of charming (9)
Scrolls
 s - a scroll of magic mapping
 v - a scroll of immolation
Potions
 g - a potion of cancellation
 h - 5 potions of curing
 j - a potion of ambrosia
 p - a potion of heal wounds
Miscellaneous
 e - a piece from Xom's chessboard (15/15)


   Skills:
 - Level 1.6 Fighting
 + Level 9.2 Polearms
 - Level 2.1 Armour
 - Level 1.4 Dodging
 - Level 0.8 Stealth
 - Level 3.0 Evocations


You had 6 spell levels left.
You knew the following spells:

 Your Spells              Type           Power      Damage    Failure   Level
a - Animate Skeleton      Necr           0%         N/A       58%         1

Your spell library contained the following spells:

 Spells                   Type           Power      Damage    Failure   Level
 Pain                     Necr           0%         1d4       58%         1
 Vampiric Draining        Necr           0%         2d6       92%         3
 Summon Forest            Summ/Tloc      0%         N/A       100%        5
 Summon Mana Viper        Hex/Summ       0%         N/A       100%        5
 Summon Cactus Giant      Summ           0%         N/A       100%        6


Dungeon Overview and Level Annotations

Branches:
Dungeon (9/15)             Temple (1/1) D:5
   Lair: D:8-11         Orc: D:9-12

Altars:
Ashenzari
Cheibriados
Dithmenos
Elyvilon
Fedhas
Gozag
Hepliaklqana
Kikubaaqudgha
Makhleb
Nemelex Xobeh
Qazlal
Ru
Sif Muna
Trog
Vehumet
Xom
Yredelemnul
Zin
The Shining One

Shops:
D:4 !


Innate Abilities, Weirdness & Mutations

You have sharp fingernails.
You are partially covered in sharp spines.
You have an extremely huge brain. (Int +4)
Spells you cast may paralyse adjacent enemies.


Message History

Gang up on whom?
Press: ? - help, Dir - move target, f - wight, p - wight
Aim: a wight, wielding a +3 spear and wearing a +0 robe Attack!
Your wight closely misses the wight.
The wight closely misses you.
Your wight hits the wight with a +0 dire flail.
The wight closely misses you.
Your wight barely misses the wight.
The wight hits you from afar with a +3 spear.
Your wight misses the wight.
You take 6 damage, and have 21/52 hp.
The wight hits you from afar with a +3 spear!
* * * LOW HITPOINT WARNING * * *
You feel drained.
Your wight barely misses the wight.
You take 8 damage, and have 13/50 hp.
The wight closely misses your wight.
Your wight misses the wight. Something hits your wight!
Your wight barely misses something.
You start resting.
A wight is nearby!
Aiming: Charm
Press: ? - help, Shift-Dir - straight line, f/p - wight
Aim: a wight, wielding a +3 spear and wearing a +0 robe (lightly damaged, chance to affect: 54%)
The wight is charmed.
You swap places.
The electric eel shoots out a bolt of lightning at you!
The bolt of electricity hits you!
* * * LOW HITPOINT WARNING * * *
You take 10 damage, and have 5/50 hp.
What are your orders? t - Shout!
Orders for allies: a - Attack new target. p - Attack previous target. r - Retreat! s - Stop attacking. g - Guard the area. f - Follow me.
Anything else - Cancel.
Gang up on whom?
Press: ? - help, Dir - move target, f - electric eel, p - wight
Aim: an electric eel (water) Attack!
The electric eel shoots out a bolt of lightning at you!
The bolt of electricity hits you!
You die...

..............S
........##.....S≈≈≈≈≈≈
........##......≈≈≈≈≈ ≈
.........#..###.##..##.#
.........'......#......#
.........#..............
.........'..............
.........#...........#..
........##.####z@#......
.......?##...)..........
####### ######..#...#..
#..............
#######.#......
#.##.##.. #.# .# . #.. #
####


You could see an electric eel (ally target) and a friendly wight (charmed).

Vanquished Creatures
  A sky beast (D:6)
  A necrophage (D:5)
  An ogre (D:4)
  2 centaurs
  2 phantoms (D:5)
  A kobold brigand (D:5)
  5 scorpions
  A wight (D:8)
  4 hounds
  An iguana (D:4)
  An orc wizard (D:5)
  4 gnolls
  6 adders
  A shadow imp (D:6)
  A white imp (D:5)
  2 ufetubi
  An adder skeleton (D:4)
  3 worms
  3 dart slugs
  4 orcs
  3 bats
  5 endoplasms
  3 giant cockroaches
  10 goblins
  5 hobgoblins
  7 jackals (D:3)
  3 quokkas
  4 ball pythons
  4 frilled lizards
  10 kobolds
  6 rats
105 creatures vanquished.

Vanquished Creatures (collateral kills)
  2 orcs (D:9)
2 creatures vanquished.

Vanquished Creatures (others)
  A yak (D:9)
  A wight (D:8)
2 creatures vanquished.

Grand Total: 109 creatures vanquished

Notes
Turn   | Place    | Note
-------+----------+-------------------------------------------
     0 | D:1      | jasper the Demonspawn Artificer began the quest for the
                  | Orb.
     0 | D:1      | Reached XP level 1. HP: 15/15 MP: 1/1
    74 | D:1      | Found a faded altar of an unknown god.
   112 | D:1      | Reached skill level 1 in Dodging
   270 | D:1      | Gained mutation: Spells you cast may paralyse adjacent
                  | enemies. [demonic ancestry]
   270 | D:1      | Reached XP level 2. HP: 21/21 MP: 2/2
  1141 | D:2      | Reached skill level 1 in Polearms
  1141 | D:2      | Gained mutation: You have an unusually large brain. (Int
                  | +2) [demonic ancestry]
  1141 | D:2      | Reached XP level 3. HP: 9/26 MP: 3/3
  1500 | D:2      | Noticed a scorpion
  1522 | D:2      | Killed a scorpion
  1523 | D:2      | Reached skill level 3 in Polearms
  1523 | D:2      | Gained mutation: You have an extremely huge brain. (Int +4)
                  | [demonic ancestry]
  1523 | D:2      | Reached XP level 4. HP: 32/32 MP: 4/4
  1596 | D:2      | Learned a level 1 spell: Animate Skeleton
  2647 | D:2      | Gained mutation: You are partially covered in sharp spines.
                  | [demonic ancestry]
  2647 | D:2      | Reached XP level 5. HP: 37/37 MP: 5/5
  3194 | D:3      | Found an ancient bone altar of Kikubaaqudgha.
  3702 | D:4      | Found Tetyzxau's Distillery.
  3709 | D:4      | Reached skill level 4 in Polearms
  3785 | D:4      | Reached XP level 6. HP: 43/43 MP: 6/6
  3824 | D:4      | Bought a potion of curing for 36 gold pieces
  3892 | D:4      | Reached skill level 5 in Polearms
  4802 | D:4      | Reached skill level 6 in Polearms
  4827 | D:5      | Entered Level 5 of the Dungeon
  4867 | D:5      | Gained mutation: You have sharp fingernails. [demonic
                  | ancestry]
  4867 | D:5      | Reached XP level 7. HP: 32/48 MP: 7/7
  5449 | D:5      | Reached skill level 7 in Polearms
  6018 | D:5      | Found a staircase to the Ecumenical Temple.
  6027 | Temple   | Entered the Ecumenical Temple
  6247 | D:5      | Found a shimmering blue altar of Sif Muna.
  6922 | D:5      | Reached skill level 8 in Polearms
  6922 | D:5      | Reached XP level 8. HP: 42/54 MP: 8/8
  7747 | D:6      | You fall into a shaft and drop 3 floors!
  7933 | D:9      | Reached skill level 9 in Polearms
  8081 | D:8      | Killed from afar by an electric eel

Illustrated notes

Levels and vault maps discovered:
D:1:      sevenhm_arrival_forest_fort_small_4, layout_basic, serial_forest,
          infiniplex_forest_straight_1, infiniplex_forest_clump_double,
          infiniplex_forest_clump_medium, infiniplex_forest_straight_2,
          infiniplex_forest_lined_2, infiniplex_forest_clump_medium,
          chequers_ecumenical_altar_grove
D:2:      layout_basic, minmay_circled_x
D:3:      layout_loops_corners, mainiacjoe_overflow_swirl, nrook_uturn
D:4:      layout_cave_pods, portal_sewer_entry_b, serial_shops,
          nicolae_stop_n_shop_2, kennysheep_small_square
D:5:      layout_basic, mainiacjoe_overflow_small_starburst,
          minmay_temple_entry_antechambers
D:6:      layout_basic, serial_shops, shop_statue
D:8:      layout_basic, dancing_weapons_uskayaw, kennysheep_island_fort
D:9:      layout_long_grid, lair_entry_dummy, kennysheep_generic_room_6
Temple:   regret_index_temple_sphere_string

Skill      XL: |  1  2  3  4  5  6  7  8 |
---------------+-------------------------+-----
Dodging        | 1 |  1.4
Armour         | 2 |  2.1
Polearms       | 1 3 4 6 8 9 |  9.2
Fighting       | |  1.6
Stealth        | |  0.8
Evocations     | |  3.0

Action                   |  1- 3 |  4- 6 |  7- 9 || total
-------------------------+-------+-------+-------++-------
Melee: Club              |    13 |       |       ||    13
       Trident           |    19 |   121 |   124 ||   264
       Unarmed           |    14 |       |       ||    14
 Fire: Hunting sling     |    28 |       |       ||    28
Throw: Dart              |     4 |    75 |    19 ||    98
       Stone             |     4 |       |       ||     4
Evoke: Wand              |    15 |       |     6 ||    21
  Use: Scroll            |     2 |     3 |     2 ||     7
       Potion            |     1 |     2 |     1 ||     4
 Stab: Sleeping          |       |     1 |       ||     1
Armor: Leather armour    |     9 |    20 |       ||    29
       Skin              |    11 |     9 |       ||    20
       Ring mail         |       |     2 |    20 ||    22
Dodge: Dodged            |    27 |    49 |    50 ||   126
Block: Buckler           |       |    12 |    10 ||    22

Table legend: (Time is in decaauts)
 A = Elapsed time spent in this place.
 B = Non-inter-level travel time spent in this place.
 C = Inter-level travel time spent in this place.
 D = Time resting spent in this place.
 E = Time spent auto-exploring this place.
 F = Levels seen in this place.
 G = Mean time per level.
                   A        B        C        D        E       F      G
               +--------+--------+--------+--------+--------+-----+--------+
         Total |   8135 |   7713 |    422 |   2318 |   4273 |   9 |  903.9 |
       Dungeon |   7989 |   7574 |    415 |   2318 |   4149 |   8 |  998.6 |
        Temple |    145 |    138 |      7 |      0 |    124 |   1 |  145.0 |
               +--------+--------+--------+--------+--------+-----+--------+

Top non-repeatable levels by time:
     D:5: 1846 daAuts
     D:4: 1456 daAuts
     D:2: 1396 daAuts
     D:3: 1280 daAuts
     D:1: 1064 daAuts
     D:6: 613 daAuts
     D:9: 240 daAuts
  Temple: 145 daAuts
     D:8: 91 daAuts
